Map: Crête de Lerilak

Players

zidar

  • Race: Zerg Zerg
  • League: Silver
  • Spawn Location: 7:00

Karistaja - Winner!

  • Race: Protoss Protoss
  • League: Gold
  • Spawn Location: 1:00

VOD

Have the link to the VOD?

Description

Time

  • Played on: March 5, 2016, 10:24 a.m.
  • Length: 16:08
Show
View Real Time Build Order
Export as new Build Order

zidar Zerg 

Build Orders: Pool First 

Get SALT Encoding   

  12  0:01  Drone  
  13  0:12  Overlord  
  13  0:17  Drone  
  14  0:30  Drone x2  
  14  0:35  Drone  
  17  0:49  Spawning Pool, Drone  
  17  1:12  Hatchery  
  16  1:32  Extractor  
  15  1:34  Drone  
  15  1:35  Drone  
  16  1:47  Evolution Chamber  
  16  1:52  Queen  
  17  1:54  Zergling x2  
  17  1:55  Zergling x2  
  19  2:04  Zergling x2  
  20  2:23  Queen  
  22  2:38  Drone x5  
  27  2:50  Zergling x2  
  28  2:52  Overlord  
  28  3:29  Extractor  
  28  3:33  Lair, Roach Warren  
  26  3:47  Hatchery  
  25  4:14  Zergling x4  
  25  4:15  Zergling x2  
  28  4:17  Queen  
  30  4:39  Drone x6  
  32  5:07  Roach x2  
  32  5:08  Roach x3  
  29  5:24  Roach x6  
  33  5:41  Roach  
  33  5:42  Roach  
  30  6:04  Roach x2  
  26  6:21  Roach x2  
  28  6:33  Roach  
  27  7:02  Drone x4  
  31  7:27  Queen  
  33  7:40  Hydralisk Den  
  33  7:41  Glial Reconstitution  
  32  8:02  Roach x2  
  36  8:23  Overlord x2  
  36  8:48  Hatchery  
  36  8:55  Drone x3  
  38  9:10  Metabolic Boost  
  38  9:14  Drone  
  39  9:35  Drone x5  
  44  9:55  Overlord x2  
  44  9:56  Overlord  
  39  10:52  Hydralisk x7  
  39  10:53  Hydralisk x3  
  51  11:27  Drone x10  
  61  11:38  Queen  
  63  11:43  Drone  
  64  11:57  Drone x3  
  67  12:10  Roach  
  67  12:11  Roach x2  
  67  12:15  Overlord x3  
  70  12:45  Extractor  
  70  12:49  Extractor  
  62  12:59  Hydralisk x6  
  62  13:00  Hydralisk x4  
  82  13:07  Lurker Den  
  82  13:14  Drone x3  
  82  13:15  Drone  
  82  13:19  Drone  
  87  13:48  Hydralisk x3  
  87  13:51  Hatchery  
  94  13:55  Drone x3  
  94  13:56  Drone  
  94  13:59  Drone  
  97  14:27  Overlord x3  
  97  14:35  Pneumatized Carapace  
  97  14:40  Overlord x3  
  97  14:41  Overlord  
  97  14:51  Ravager  
  97  14:52  Lurker  
  99  14:54  Lurker  
  99  14:57  Lurker  
  101  15:02  Lurker x2  
  105  15:28  Roach  
  105  15:29  Roach x4  
Show
View Real Time Build Order
Export as new Build Order

Karistaja Protoss - Winner!

Build Orders: Mass Adepts 

Get SALT Encoding   

  12  0:01  Probe (Chrono Boost)  
  13  0:14  Pylon  
  13  0:18  Probe (Chrono Boost)  
  14  0:29  Probe (Chrono Boost)  
  15  0:36  Gateway  
  15  0:40  Probe (Chrono Boost)  
  16  0:51  Probe (Chrono Boost)  
  16  0:56  Assimilator  
  17  1:01  Probe (Chrono Boost)  
  18  1:14  Probe (Chrono Boost)  
  19  1:24  Cybernetics Core  
  19  1:27  Gateway  
  19  1:29  Probe (Chrono Boost)  
  20  1:39  Probe (Chrono Boost)  
  21  1:52  Pylon  
  21  1:54  Pylon  
  21  1:57  Pylon  
  21  2:01  Adept  
  23  2:12  Twilight Council  
  23  2:16  Assimilator  
  23  2:19  Probe (Chrono Boost)  
  26  2:22  Adept (Chrono Boost)  
  26  2:33  Adept (Chrono Boost)  
  28  2:49  Adept (Chrono Boost)  
  30  2:55  Probe  
  33  3:02  Adept (Chrono Boost)  
  33  3:07  Probe  
  33  3:11  Resonating Glaives  
  36  3:13  Adept (Chrono Boost)  
  36  3:24  Pylon  
  38  3:29  Adept (Chrono Boost)  
  38  3:36  Adept (Chrono Boost)  
  42  3:57  Stalker (Chrono Boost)  
  42  4:00  Stalker (Chrono Boost)  
  44  4:19  Warp Gate  
  46  4:26  Adept x2 (Chrono Boost)  
  48  4:36  Gateway  
  48  4:38  Gateway  
  33  5:19  Probe  
  34  5:31  Probe  
  31  5:43  Probe  
  32  5:55  Probe  
  29  6:07  Probe  
  24  6:18  Nexus  
  22  6:19  Probe  
  23  6:31  Probe  
  18  6:54  Probe  
  19  7:02  Pylon  
  19  7:08  Probe  
  20  7:20  Probe  
  21  7:23  Pylon  
  21  7:26  Pylon  
  21  7:30  Probe  
  21  7:32  Probe  
  23  7:41  Probe, Stalker x2  
  28  7:44  Probe  
  29  7:51  Probe  
  29  7:56  Probe  
  29  7:58  Robotics Facility  
  31  8:02  Probe  
  32  8:12  Probe  
  32  8:13  Mothership Core  
  35  8:23  Probe  
  36  8:33  Probe  
  36  8:34  Probe  
  38  8:44  Probe  
  38  8:45  Observer  
  38  8:46  Probe  
  41  8:58  Probe  
  42  9:04  Assimilator  
  42  9:06  Warp Prism  
  42  9:07  Stalker x3  
  42  9:08  Stalker  
  52  9:10  Assimilator  
  52  9:15  Forge  
  52  9:27  Probe  
  53  9:37  Probe  
  53  9:41  Templar Archives  
  54  9:48  Probe  
  55  9:58  Probe  
  56  10:09  Probe  
  57  10:24  Adept  
  57  10:25  Adept  
  57  10:26  Adept  
  63  11:07  Stalker x3  
  63  11:08  Stalker  
  57  11:42  Nexus, High Templar x3  
  57  11:43  High Templar  
  57  11:45  Psionic Storm  
  69  11:47  Immortal  
  69  11:56  Pylon  
  69  11:59  Pylon  
  69  12:05  Pylon  
  69  12:08  Pylon  
  69  12:25  Adept x2  
  69  12:26  Adept x2, Immortal  
  81  12:58  Probe  
  82  13:05  Stalker  
  82  13:06  Stalker x3  
  82  13:08  Probe  
  82  13:11  Immortal  
  95  13:19  Probe  
  95  13:26  Gateway  
  96  13:27  Gateway  
  96  13:29  Probe  
  96  13:30  Gateway  
  96  13:32  Gateway  
  96  13:33  Assimilator  
  97  13:37  High Templar x3, Assimilator  
  97  13:38  High Templar  
  97  13:40  Probe  
  105  13:41  Protoss Ground Weapons Level 1  
  105  13:48  Forge  
  106  13:51  Probe  
  107  14:01  Probe  
  108  14:11  Stalker x3  
  108  14:12  Stalker  
  108  14:16  Immortal  
  120  14:35  Adept  
  120  14:36  Adept x3  
  120  14:37  Adept x2  
  120  14:38  Adept  
  134  14:55  Immortal  
  138  15:42  Observer  
  111  16:05  Archon x2  
  111  16:06  Archon  
Tags
 
Composition
Mass Adepts
Matchup
PvZ
Opening
Pool First
Spawn Locations
Cross Positions
Add a new tag
Caveats
  • Supply blocks, unpowered buildings, or Contaminate may cause inaccurate times.
  • Supply counts are checked every 10 seconds.